 Dungeon Crawl Stone Soup version 0.14-a0-2789-gc18c9f8 (webtiles) character file.

11797 RIDDIMRIDER the Nimble (level 11, 0/94 HPs)
             Began as a Troll Monk on Feb 24, 2014.
             Was a Plaything of Xom.
             Succumbed to a wight's poison
             ... on Level 12 of the Dungeon on Feb 25, 2014.
             The game lasted 02:54:19 (10306 turns).

RIDDIMRIDER the Nimble (Troll Monk)                Turns: 10306, Time: 02:54:20

HP   0/94        AC  7     Str 27      XL: 11   Next: 47%
MP   5/5         EV 15     Int  2      God: Xom
Gold 506         SH  0     Dex 13      Spells:  0 memorised, 10 levels left

rFire  . . .     SeeInvis .       - Unarmed
rCold  . . .     Clarity  .     O - +0 animal skin
rNeg   . . .     Conserve .     (shield restricted)
rPois  .         rCorr    .     q - +0 hat
rElec  .         rRot     .     z - +1 cloak of Muyrecai {Str+3 Dex-1 Int-2}
SustAb . .       Spirit   .     (gloves unavailable)
rMut   .         Warding  .     (boots unavailable)
Gourm  +         Stasis   .     y - amulet of rage
MR     +....                    P - ring of flight
                                e - ring of sustenance

@: extremely poisoned, drained, somewhat resistant to hostile enchantments,
fairly stealthy
A: unfitting armour, claws 3, thin skeletal structure 1, dopey 1, fast
metabolism 3, frail 1, gourmand, magic resistance 1, regeneration 3, saprovore
2, shaggy fur 1, tough skin 2, wild magic 2
a: Renounce Religion, Evoke Berserk Rage, Evoke Flight


You were on level 12 of the Dungeon.
You worshipped Xom.
You were a very special plaything of Xom.
You were not hungry.

You visited 1 branch of the dungeon, and saw 12 of its levels.

You collected 573 gold pieces.
You spent 67 gold pieces at shops.

Inventory:

Armour
 q - a +0 hat (worn)
 z - the cursed +1 cloak of Muyrecai (worn) {Str+3 Dex-1 Int-2}
   (Xom gifted it to you on level 7 of the Dungeon)

   It affects your strength (+3).
   It affects your intelligence (-2).
   It affects your dexterity (-1).
   It has a curse placed upon it.
 A - a cursed +2 elven robe of magic resistance
 O - a +0 animal skin (worn)
Magical devices
 B - a wand of enslavement (17)
 D - a wand of confusion (10)
 F - a wand of frost (11)
 G - a wand of frost (17)
 K - a wand of enslavement (8)
 N - a wand of magic darts (0)
 Z - a wand of frost (10)
Comestibles
 b - 2 meat rations
 c - a beef jerky
 f - a choko
 l - 2 apples
 m - 8 bread rations
 r - 10 sultanas
Scrolls
 a - 3 scrolls of enchant armour {unknown}
 d - a scroll of magic mapping {unknown}
 g - a scroll of enchant weapon I {unknown}
 h - 2 scrolls of curse weapon {unknown}
 j - 2 scrolls of curse jewellery
 n - 3 scrolls of fear
 o - 2 scrolls of noise
 p - 6 scrolls of teleportation
 t - 2 scrolls of remove curse
 u - 6 scrolls of identify
 v - a scroll of vulnerability
 w - a scroll of blinking {unknown}
 C - 2 scrolls of curse armour
 I - 3 scrolls of recharging {unknown}
 U - 2 scrolls of immolation {unknown}
 V - a scroll of random uselessness {unknown}
 X - a scroll of enchant weapon III {unknown}
 Y - 2 scrolls of enchant weapon II {unknown}
Jewellery
 e - a ring of sustenance (left claw)
 y - an amulet of rage (around neck)
 H - an uncursed amulet of guardian spirit
 M - an uncursed ring of poison resistance {unknown}
 P - a ring of flight (right claw)
 W - an uncursed ring of sustain abilities {unknown}
Potions
 s - 4 potions of brilliance
 E - a potion of lignification {unknown}
 J - a potion of agility {unknown}
 Q - 3 potions of curing
 T - 2 potions of heal wounds
Rods
 L - a +3 rod of venom (12/12)
   (Xom gifted it to you on level 5 of the Dungeon)


   Skills:
 + Level 6.1(5.3) Fighting
   Level 4.4(3.6) Long Blades
   Level 1.4(0.7) Axes
 + Level 2.0(1.3) Maces & Flails
 + Level 0.1(0.0) Throwing
 + Level 11.6(10.7) Dodging
 + Level 3.3(2.6) Stealth
 + Level 7.6(6.8) Unarmed Combat
 + Level 1.0(0.3) Evocations


You had 10 spell levels left.
You didn't know any spells.

Dungeon Overview and Level Annotations

Branches:
Dungeon (12/16)              Lair (0/8) D:8
 Temple: D:4-7          Orc: D:9-12

Altars:
Cheibriados
Dithmenos
Kikubaaqudgha
Makhleb
Okawaru
Sif Muna
Trog
Xom
Zin

Shops:
D:4 [   D:8 /   D:9 !   D:12 [


Innate Abilities, Weirdness & Mutations

You are too large for most types of armour.
You have claws for hands.
Your metabolism is lightning-fast.
You like to eat raw meat.
You regenerate.
You can eat rotten meat.
You are covered in fur (AC +1).
You have very tough skin (AC +2).
You have a somewhat thin skeletal structure (Dex +2, Stlth).
You are dopey. (Int -2)
You are frail (-10% HP).
You are resistant to hostile enchantments.
Your spells are harder to cast, but more powerful.


Message History

You feel very sick. The wight hits you with a dagger.
* * * LOW HITPOINT WARNING * * *
You continue eating.
* * * LOW HITPOINT WARNING * * *
You feel extremely sick.
The wight hits you from afar with a trident of venom!
* * * LOW HITPOINT WARNING * * *
You are more poisoned.
The wight hits you with a dagger.
* * * LOW HITPOINT WARNING * * *
You continue eating.
* * * LOW HITPOINT WARNING * * *
You feel sick.
The wight hits you from afar with a trident of venom.
* * * LOW HITPOINT WARNING * * *
The wight barely misses you.
You continue eating.
You die...
Xom guffaws!

. ##..#####........ ..
#...#####........ #
..##...#####........ ...
#.....#####........
#..###.................
[##..#..................
......#.................
...........)......).)....
.......)@.........)).....
!......z)................
.....z.#####............
....∩..#####............
.......#####............
......#####............
.....#####...........
................. ....


You could see 2 wights.

Vanquished Creatures
  A hill giant (D:11)
  Joseph (D:9)
  2 two-headed ogres
  A troll (D:12)
  A hog (D:11)
  A trapdoor spider (D:8)
  A steam dragon (D:9)
  15 yaks
  A hill giant zombie (D:11)
  A hungry ghost (D:11)
  2 wandering mushrooms (D:8)
  Menkaure (D:6)
  3 orc warriors
  2 necrophages
  3 ice beasts
  3 sky beasts
  2 phantoms
  A yellow wasp (D:10)
  3 ogres
  A human (D:11)
  4 black bears
  5 centaurs
  A big kobold (D:9)
  A warg (D:8)
  6 giant frogs
  A gnoll sergeant (D:10)
  A cyclops skeleton (D:11)
  A vampire bat (D:3)
  7 wights (D:12)
  A quasit (D:11)
  2 yak skeletons
  5 jellies
  6 killer bees (D:11)
  5 goliath beetles
  11 crimson imps
  A giant frog zombie (D:5)
  2 orc priests
  2 centaur skeletons
  A giant frog skeleton (D:6)
  4 hounds
  4 iguanas
  13 orc wizards
  3 scorpions
  16 worker ants
  A killer bee zombie (D:10)
  2 sheep (D:11)
  16 adders
  6 gnolls (D:10)
  An inept feature mimic (D:9)
  A white imp (D:4)
  4 worms
  An adder skeleton (D:10)
  3 giant eyeballs
  5 giant geckos
  An ooze (D:3)
  47 orcs
  3 ball pythons
  16 bats
  6 bat skeletons
  3 bat zombies (D:3)
  6 goblins
  11 hobgoblins
  12 jackals
  4 quokkas
  5 giant cockroaches
  A giant gecko skeleton (D:5)
  7 giant newts
  A giant newt skeleton (D:4)
  A giant spore (D:10)
  18 kobolds
  An orc skeleton (D:6)
  9 rats
  A rat (shapeshifter) (D:5)
  2 fungi (D:8)
344 creatures vanquished.

Vanquished Creatures (collateral kills)
  A hill giant (D:8)
  A wyvern (D:9)
  An orc warrior (D:8)
  A centaur (D:9)
  5 killer bees (D:8)
  3 orcs
  A fungus (D:8)
13 creatures vanquished.

Vanquished Creatures (others)
  2 yaks (D:9)
  A hound (D:9)
  An iron imp (D:9)
  A shadow imp (D:8)
  An ufetubus (D:8)
  2 giant spores
  A kobold (D:10)
  2 ballistomycetes (D:9)
  A fungus (D:8)
12 creatures vanquished.

Grand Total: 369 creatures vanquished

Notes
Turn   | Place    | Note
--------------------------------------------------------------
     0 | D:1      | RIDDIMRIDER, the Troll Monk, began the quest for the Orb.
     0 | D:1      | Reached XP level 1. HP: 22/22 MP: 1/1
   229 | D:1      | Reached XP level 2. HP: 29/29 MP: 1/1
   834 | D:2      | Found a shadowy altar of Dithmenos.
   964 | D:2      | Reached XP level 3. HP: 33/36 MP: 2/2
  1314 | D:2      | Reached XP level 4. HP: 34/44 MP: 2/2
  1427 | D:3      | Found a snail-covered altar of Cheibriados.
  1828 | D:3      | Found a shimmering altar of Xom.
  1843 | D:3      | Became a worshipper of Xom of Chaos
  1859 | D:3      | Reached skill level 1 in Axes
  1899 | D:3      | XOM: potion effect (speed)
  1905 | D:3      | Reached XP level 5. HP: 44/50 MP: 2/2
  2046 | D:3      | Found an ancient bone altar of Kikubaaqudgha.
  2142 | D:4      | Paralysed by a giant eyeball for 4 turns
  2198 | D:4      | XOM: divination: detect items
  2262 | D:4      | Found Xaoq's Antique Armour Emporium.
  2265 | D:4      | Bought a glowing elven robe for 15 gold pieces
  2289 | D:4      | Reached XP level 6. HP: 59/59 MP: 1/3
  2489 | D:4      | XOM: potion effect (curing)
  2492 | D:4      | XOM: noise
  2542 | D:4      | XOM: potion effect (speed)
  2649 | D:4      | XOM: potion effect (curing)
  2656 | D:4      | XOM: confuse monster(s)
  2684 | D:4      | XOM: give mutations
  2684 | D:4      | Gained mutation: Your spells are a little harder to cast, but a little more powerful. [Xom's grace]
  2684 | D:4      | Gained mutation: You have a pair of small antennae on your head. [Xom's grace]
  2721 | D:4      | XOM: confuse monster(s)
  2768 | D:4      | XOM: noise
  2868 | D:4      | XOM: colour smoke trail
  2900 | D:5      | Entered Level 5 of the Dungeon
  2953 | D:5      | Reached skill level 5 in Dodging
  2975 | D:5      | XOM: god gift: knobbly smoking rod {god gift}
  2984 | D:5      | XOM: give mutation
  2984 | D:5      | Gained mutation: You have a somewhat thin skeletal structure (Dex +2, Stlth). [Xom's grace]
  2989 | D:5      | Reached skill level 1 in Long Blades
  3029 | D:5      | XOM: divination: detect items
  3115 | D:5      | Reached XP level 7. HP: 16/67 MP: 1/3
  3256 | D:5      | XOM: polymorph orc -> bat
  3360 | D:5      | XOM: god gift: 12 stones
  3434 | D:5      | XOM: cast spell 'Necromutation'
  3435 | D:5      | XOM: enchant monster (good)
  3446 | D:5      | Reached skill level 6 in Dodging
  3535 | D:5      | XOM: divination: detect creatures
  3906 | D:6      | Reached XP level 8. HP: 12/75 MP: 0/3
  3946 | D:6      | XOM: 7-stop teleportation journey
  3966 | D:6      | Identified a +3 rod of venom (12/12) (Xom gifted it to you on level 5 of the Dungeon)
  4074 | D:6      | XOM: polymorph centaur -> giant eyeball
  4153 | D:6      | XOM: blink monster(s)
  4191 | D:6      | Found a bloodstained altar of Trog.
  4202 | D:6      | Reached skill level 1 in Maces & Flails
  4202 | D:6      | Reached skill level 7 in Dodging
  4203 | D:6      | XOM: give mutation
  4203 | D:6      | Gained mutation: Your spells are harder to cast, but more powerful. [Xom's grace]
  4346 | D:6      | Found a glowing silver altar of Zin.
  4436 | D:6      | Noticed Menkaure
  4456 | D:6      | Killed Menkaure
  4870 | D:7      | XOM: confuse monster(s)
  4941 | D:7      | Reached skill level 8 in Dodging
  4986 | D:7      | XOM: god gift: 18 stones
  4988 | D:7      | Reached XP level 9. HP: 84/84 MP: 4/4
  5106 | D:7      | XOM: colour smoke trail
  5108 | D:7      | XOM: god gift: ichor-stained cloak {god gift}
  5123 | D:7      | Got an ichor-stained cloak {god gift}
  5126 | D:7      | Identified the +1 cloak of Muyrecai {Str+3 Dex-1 Int-2} (Xom gifted it to you on level 7 of the Dungeon)
  5500 | D:7      | XOM: give mutations
  5500 | D:7      | Gained mutation: You are agile. (Dex +2) [Xom's grace]
  5500 | D:7      | Gained mutation: Your spells are much harder to cast, but much more powerful. [Xom's grace]
  5500 | D:7      | Gained mutation: You regenerate. [Xom's grace]
  5500 | D:7      | Gained mutation: You possess an exceptional clarity of mind. [Xom's grace]
  5643 | D:7      | XOM: 4-stop teleportation journey
  5659 | D:7      | XOM: noise
  5687 | D:8      | XOM: swap monsters
  5728 | D:8      | XOM: polymorph wyvern -> warg
  5756 | D:8      | Found a deep blue altar of Sif Muna.
  5772 | D:8      | Found Mant's Magical Wand Shoppe.
  5942 | D:8      | Noticed a hill giant
  5948 | D:8      | Killed a hill giant
  5948 | D:8      | Reached skill level 9 in Dodging
  6266 | D:8      | Found a staircase to the Lair.
  6271 | D:8      | XOM: summons 4 friendly demons
  6290 | D:8      | XOM: inner flame monster(s)
  6295 | D:8      | XOM: enchant monster (bad)
  6311 | D:8      | Reached XP level 10. HP: 32/94 MP: 4/4
  6641 | D:8      | XOM: god gift: fizzy yellow potion
  6666 | D:9      | Found an iron altar of Okawaru.
  6700 | D:9      | Found a glowing silver altar of Zin.
  6701 | D:9      | Found a burning altar of Makhleb.
  6760 | D:9      | XOM: medium Trmt miscast
  6764 | D:9      | XOM: 1-stop teleportation journey
  6804 | D:9      | Reached skill level 10 in Dodging
  6830 | D:9      | XOM: silly message
  6943 | D:9      | XOM: summons friendly iron imp
  6947 | D:9      | Reached skill level 5 in Unarmed Combat
  7062 | D:9      | XOM: noise
  7063 | D:9      | XOM: harmless Pois miscast
  7067 | D:9      | XOM: divine lightning (protected)
  7080 | D:9      | XOM: enchant monster (good)
  7098 | D:9      | Reached skill level 5 in Fighting
  7107 | D:9      | XOM: silly message
  7173 | D:9      | XOM: give mutations
  7173 | D:9      | Gained mutation: You are resistant to hostile enchantments. [Xom's mischief]
  7173 | D:9      | Gained mutation: You are frail (-10% HP). [Xom's mischief]
  7173 | D:9      | Lost mutation: You are agile. (Dex +2) [Xom's mischief]
  7375 | D:9      | Found Pric's Distillery.
  7384 | D:9      | Bought a potion of curing for 26 gold pieces
  7384 | D:9      | Bought a potion of curing for 26 gold pieces
  7466 | D:9      | XOM: harmless Hex miscast
  7485 | D:9      | XOM: give mutations
  7485 | D:9      | Lost mutation: You possess an exceptional clarity of mind. [Xom's mischief]
  7485 | D:9      | Lost mutation: Your spells are much harder to cast, but much more powerful. [Xom's mischief]
  7543 | D:9      | Noticed Joseph
  7560 | D:9      | Killed Joseph
  7560 | D:9      | Reached skill level 1 in Evocations
  7684 | D:9      | XOM: colour smoke trail
  7834 | D:10     | Entered Level 10 of the Dungeon
  7927 | D:10     | XOM: severe Chrm miscast
  7927 | D:10     | Paralysed by the severe capriciousness of Xom for 2 turns
  8246 | D:10     | XOM: 2-stop teleportation journey
  8429 | D:10     | XOM: noise
  8433 | D:10     | XOM: summons 5 hostile shadow creatures
  8439 | D:10     | XOM: noise
  8537 | D:10     | Reached XP level 11. HP: 93/93 MP: 5/5
  8541 | D:10     | Reached skill level 11 in Dodging
  9546 | D:11     | XOM: confuse monster(s)
  9652 | D:11     | Noticed a hill giant
  9663 | D:11     | Killed a hill giant
  9679 | D:11     | XOM: medium Chrm miscast
  9771 | D:11     | XOM: confuse monster(s)
 10086 | D:12     | XOM: harmless Pois miscast
 10147 | D:12     | Paralysed by a giant eyeball for 2 turns
 10148 | D:12     | XOM: torment (16/94 hp)
 10152 | D:12     | XOM: enchant monster (bad)
 10273 | D:12     | Found Dulauptauv's Armour Boutique.
 10299 | D:12     | XOM: give mutations
 10299 | D:12     | Gained mutation: You are dopey. (Int -2) [Xom's mischief]
 10299 | D:12     | Lost mutation: You have a pair of small antennae on your head. [Xom's mischief]
 10305 | D:12     | HP: 3/94 [wight/trident of venom (4)]
 10306 | D:12     | Succumbed to a wight's poison

Action                   |  1- 3 |  4- 6 |  7- 9 | 10-12 || total
-------------------------+-------+-------+-------+-------++-------
Melee: Unarmed           |    22 |       |    68 |   564 ||   654
       Hand axe          |   101 |    47 |       |       ||   148
       Dagger            |       |    13 |       |       ||    13
       Flail             |       |    69 |       |       ||    69
       Spear             |       |     6 |       |       ||     6
       Falchion          |       |   277 |   337 |       ||   614
       Rod               |       |       |     9 |       ||     9
       Giant spiked club |       |       |    14 |       ||    14
Throw: Dart              |       |       |     3 |       ||     3
 Abil: Evoke Berserk Rag |       |       |       |     4 ||     4
Evoke: Wand              |       |       |     5 |       ||     5
  Use: Scroll            |       |     5 |     2 |     2 ||     9
       Potion            |       |     2 |     2 |     4 ||     8
 Stab: Sleeping          |       |     1 |     4 |     6 ||    11
       Confused          |       |       |     1 |     1 ||     2
       Distracted        |       |       |     1 |     1 ||     2
